 Dungeon Sprint DCSS version 0.22.1-1-ga44c0e56f4 (webtiles) character file.

912 MuseOD the Spear-Bearer (level 8, -2/76 HPs)
             Began as a Merfolk Berserker on Oct 7, 2018.
             Was a Priest of Trog.
             Slain by a yaktaur (19 damage)
             ... in the Dungeon (Sprint II: "The Violet Keep of Menkaure").
             The game lasted 00:00:49 (385 turns).

MuseOD the Spear-Bearer (Merfolk Berserker)          Turns: 385, Time: 00:00:49

Health: -2/76      AC:  2    Str: 20    XL:     8   Next: 9%
Magic:  8/8        EV: 17    Int:  6    God:    Trog [***...]
Gold:   243        SH:  0    Dex: 13    Spells: 7/7 levels left

rFire    . . .     SeeInvis .   a - +0 spear
rCold    . . .     Gourm    .   (no shield)
rNeg     . . .     Faith    .   b - +0 animal skin
rPois    .         Spirit   .   (no helmet)
rElec    .         Reflect  .   (no cloak)
rCorr    .         Harm     .   (no gloves)
MR       ++...     NoTele   +   (no boots)
Stlth    +.........             (no amulet)
HPRegen  1.22/turn              (no ring)
MPRegen  0.11/turn              (no ring)

@: berserk cooldown, regenerating, slowed, very slow
A: change form in water, swift swim, stealthy swim
a: Berserk, Trog's Hand, Renounce Religion


You were in the Dungeon.
You worshipped Trog.
Trog was most pleased with you.
You were not hungry.

You visited 1 branch You collected 243 gold pieces.

Inventory:

Hand Weapons
 a - a +0 spear (weapon)
Armour
 b - a +0 animal skin (worn)
Scrolls
 i - a scroll of blinking
Potions
 d - a potion of curing
 f - a potion of haste
 g - 2 potions of magic
 h - a potion of berserk rage
Comestibles
 c - a ration


   Skills:
 + Level 11.8 Fighting
 + Level 14.7 Polearms
 + Level 4.3 Armour
 + Level 9.2 Dodging


You had 7 spell levels left.
You didn't know any spells.
Your spell library was empty.

Dungeon Overview and Level Annotations

Branches:
Dungeon (1/1)

Altars:
Dithmenos
Elyvilon
Fedhas
Gozag
Kikubaaqudgha
Makhleb
Nemelex Xobeh
Okawaru
Qazlal
Ru
Sif Muna
Trog
Uskayaw
Vehumet
Wu Jian
Xom
Yredelemnul
Zin
The Shining One
Jiyva
Lugonu


Message History

The yaktaur closely misses you.
You hit the yaktaur.
The yaktaur is lightly wounded.
The yaktaur closely misses you.
You hit the yaktaur but do no damage.
The yaktaur is lightly wounded.
The yaktaur barely misses you.
You hit the yaktaur but do no damage.
The yaktaur is lightly wounded.
You hit the yaktaur.
The yaktaur is lightly wounded.
The yaktaur hits you but does no damage.
You puncture the yaktaur!
The yaktaur is moderately wounded.
The yaktaur hits you!
* * * LOW HITPOINT WARNING * * *
You hit the yaktaur.
The yaktaur is moderately wounded.
The yaktaur hits you!!
You die...

.. ##.. #. .##.####
+.### .. ...# ...#### $
###..## #..##.#
###.##..# +..#.c#
##..##..# #..#.@#
w+##.'..####..##(#
##..##....###.^.##▓▓
###.##..§§§§≈≈≈≈≈≈≈≈≈≈≈
###≈≈.§§..≈#+########
#≈≈≈≈§§≈..§#..._._._#
#≈≈≈§≈≈≈§.≈#_._._._.#
#≈§≈≈§≈≈≈§§§#._._._._#
≈≈§≈≈§≈§≈§§≈#_._._._.#


You could see a yaktaur.

Vanquished Creatures
  A hornet (D)
  3 polar bears (D)
  4 worker ants (D)
8 creatures vanquished.

Vanquished Creatures (others)
  A crocodile (D)
1 creature vanquished.

Grand Total: 9 creatures vanquished

Notes
Turn   | Place    | Note
-------+----------+-------------------------------------------
     0 | D        | MuseOD the Merfolk Berserker began the quest for the Orb.
     0 | D        | Reached XP level 1. HP: 18/18 MP: 1/1
     1 | D        | Noticed a worker ant
     1 | D        | Noticed a worker ant
     1 | D        | Noticed a worker ant
     1 | D        | Noticed a worker ant
    11 | D        | Killed a worker ant
    11 | D        | Reached skill level 5 in Fighting
    11 | D        | Reached skill level 6 in Polearms
    11 | D        | Reached XP level 2. HP: 27/27 MP: 2/2
    11 | D        | Reached XP level 3. HP: 33/33 MP: 3/3
    24 | D        | Reached skill level 7 in Polearms
    27 | D        | Reached ** piety under Trog
    27 | D        | Reached skill level 8 in Polearms
    27 | D        | Reached XP level 4. HP: 36/40 MP: 4/4
    33 | D        | Reached skill level 9 in Polearms
   141 | D        | Killed a crocodile
   316 | D        | Noticed a tyrant leech
   316 | D        | Noticed a tyrant leech
   327 | D        | Found a glowing golden altar of the Shining One.
   327 | D        | Found an ornate altar of the Wu Jian Council.
   328 | D        | Found a shimmering altar of Xom.
   328 | D        | Found a sacrificial altar of Ru.
   329 | D        | Found a basalt altar of Yredelemnul.
   329 | D        | Found a deep blue altar of Sif Muna.
   330 | D        | Found a glowing silver altar of Zin.
   330 | D        | Found a bloodstained altar of Trog.
   330 | D        | Found an ancient bone altar of Kikubaaqudgha.
   330 | D        | Found a stormy altar of Qazlal.
   330 | D        | Found a viscous altar of Jiyva.
   331 | D        | Found a hide-covered altar of Uskayaw.
   331 | D        | Found a corrupted altar of Lugonu.
   331 | D        | Found a shadowy altar of Dithmenos.
   332 | D        | Found a radiant altar of Vehumet.
   332 | D        | Found a burning altar of Makhleb.
   332 | D        | Found a white marble altar of Elyvilon.
   333 | D        | Found a sparkling altar of Nemelex Xobeh.
   333 | D        | Found a blossoming altar of Fedhas.
   334 | D        | Found an iron altar of Okawaru.
   334 | D        | Found an opulent altar of Gozag.
   335 | D        | Noticed a yaktaur
   335 | D        | Noticed a hornet
   335 | D        | Noticed a polar bear
   335 | D        | Noticed a polar bear
   340 | D        | Killed a polar bear
   340 | D        | Reached skill level 11 in Polearms
   340 | D        | Reached XP level 5. HP: 52/52 MP: 5/5
   340 | D        | Reached XP level 6. HP: 58/58 MP: 6/6
   341 | D        | Noticed a polar bear
   350 | D        | Killed a polar bear
   350 | D        | Reached skill level 10 in Fighting
   350 | D        | Reached skill level 13 in Polearms
   350 | D        | Reached XP level 7. HP: 51/67 MP: 7/7
   359 | D        | Killed a polar bear
   359 | D        | Reached *** piety under Trog
   359 | D        | Reached skill level 14 in Polearms
   372 | D        | Killed a hornet
   372 | D        | Reached XP level 8. HP: 20/76 MP: 8/8
   385 | D        | Slain by a yaktaur

Skill      XL: |  1  2  3  4  5  6  7 |
---------------+----------------------+-----
Fighting       | 5 6 9 10 11 | 11.8
Polearms       | 6 8 11 13 14 | 14.7
Dodging        | 3 4 6 7 9 |  9.2
Armour         | 2 3 4 |  4.3

Action                   |  1- 3 |  4- 6 |  7- 9 || total
-------------------------+-------+-------+-------++-------
Melee: Spear             |    25 |    20 |    31 ||    76
Invok: Berserk           |     1 |     1 |       ||     2
       Trog's Hand       |       |       |     1 ||     1
  Use: Potion            |       |       |     1 ||     1
Armor: Animal skin       |     2 |     2 |     1 ||     5
Dodge: Dodged            |     6 |     4 |    13 ||    23
